Map: Augustine Fall LE

Players

jDtFesS

  • Race: Zerg Zerg
  • Spawn Location: 5:00

sairo

  • Race: Terran Terran
  • Spawn Location: 6:00

ZACATRACA

  • Race: Terran Terran
  • Spawn Location: 6:00

qqq - Winner!

  • Race: Zerg Zerg
  • Spawn Location: 12:00

Massa - Winner!

  • Race: Terran Terran
  • League: Platinum
  • Spawn Location: 11:00

Greylin - Winner!

  • Race: Protoss Protoss
  • Spawn Location: 12:00

VOD

Have the link to the VOD?

Description

Time

  • Played on: Jan. 27, 2021, 4:02 p.m.
  • Length: 18:09
Show
View Real Time Build Order
Export as new Build Order

jDtFesS Zerg 

Build Orders: Hatch First 

Get SALT Encoding   

  12  0:01  Drone  
  13  0:11  Drone  
  14  0:17  Overlord  
  14  0:37  Drone x2  
  16  0:54  Hatchery  
  16  0:55  Drone  
  16  0:57  Drone  
  17  1:09  Extractor  
  16  1:13  Spawning Pool  
  16  1:16  Drone  
  16  1:19  Drone  
  16  1:23  Drone  
  18  1:32  Overlord  
  18  2:00  Queen  
  20  2:08  Queen  
  20  2:10  Metabolic Boost  
  20  2:13  Zergling x2  
  20  2:14  Zergling x6  
  26  2:25  Drone  
  26  2:26  Drone  
  28  2:42  Zergling x6  
  31  2:46  Overlord  
  31  3:04  Zergling x6  
  34  3:18  Hatchery  
  32  3:24  Zergling x4  
  32  3:25  Zergling x10  
  28  4:06  Zergling x10  
  28  4:07  Zergling x8  
  33  4:20  Overlord  
  33  4:27  Zergling x2  
  34  4:31  Queen  
  34  4:36  Zergling x6  
  39  4:45  Hatchery  
  28  4:58  Zergling x2  
  28  4:59  Zergling x20  
  35  5:23  Zergling x14  
  40  5:46  Queen x2  
  40  5:47  Queen  
  40  5:49  Spore Crawler  
  44  5:51  Spore Crawler  
  41  6:16  Zergling x16  
  36  6:36  Drone x2  
  36  6:37  Drone x4  
  36  6:38  Drone  
  43  6:48  Drone x3  
  43  6:52  Extractor  
  45  6:57  Extractor  
  40  7:22  Lair  
  40  7:25  Drone  
  40  7:26  Drone x4  
  40  7:27  Drone x4  
  45  7:55  Queen x3  
  51  7:58  Drone  
  51  7:59  Drone x3  
  51  8:01  Drone  
  56  8:37  Overlord x3  
  56  8:38  Overlord x2  
  56  8:42  Extractor  
  55  8:51  Drone  
  55  8:52  Overlord x3  
  55  8:55  Queen  
  58  9:01  Zergling x4  
  58  9:02  Zergling x20  
  70  9:03  Zergling x4  
  72  9:12  Extractor  
  72  9:13  Extractor  
  70  9:17  Drone x2  
  70  9:18  Drone x5  
  77  9:44  Drone x4  
  77  9:45  Drone x4  
  62  10:48  Spore Crawler  
  57  10:57  Spore Crawler  
  57  10:59  Spore Crawler  
  57  11:02  Hydralisk Den  
  57  11:04  Spore Crawler x2  
  45  11:32  Hydralisk x3  
  43  11:33  Hydralisk x6  
  58  11:45  Hydralisk x2  
  58  11:46  Hydralisk  
  47  12:09  Hydralisk x4  
  47  12:10  Hydralisk x3  
  57  12:20  Queen  
  57  12:21  Queen  
  61  12:38  Grooved Spines  
  61  13:03  Extractor  
  61  13:04  Queen  
  62  13:05  Hydralisk x2  
  62  13:06  Hydralisk x10  
  62  13:07  Hydralisk  
  62  13:11  Hatchery  
  87  13:27  Hatchery  
  86  13:48  Hydralisk x3  
  86  13:49  Hydralisk x6, Muscular Augments  
  86  13:50  Hydralisk  
  106  14:07  Overlord x3  
  106  14:08  Overlord  
  70  14:44  Hydralisk x4  
  70  14:45  Hydralisk x4  
  56  15:11  Lurker Den  
  56  15:12  Infestation Pit  
  56  15:13  Drone  
  56  15:14  Drone x5  
  57  15:15  Drone x4  
  65  15:28  Drone x3  
  65  15:29  Drone  
  68  15:36  Queen  
  70  15:53  Hive  
  54  16:14  Hydralisk  
  54  16:15  Hydralisk x6  
  3  18:02  Hatchery  
Show
View Real Time Build Order
Export as new Build Order

sairo Terran 

Build Orders:  

Get SALT Encoding   

  12  0:02  SCV  
  13  0:19  Supply Depot  
  13  0:22  SCV  
  14  0:34  SCV  
  15  0:45  Barracks  
  15  0:47  Barracks  
  15  1:12  Barracks  
  15  1:15  Barracks  
  15  1:30  Supply Depot  
  15  1:37  Marine x2  
  17  1:45  SCV  
  18  1:55  Marine  
  18  1:56  Supply Depot  
  18  1:58  Marine  
  20  2:08  Marine x2  
  22  2:13  Marine  
  23  2:15  Marine  
  24  2:25  Marine x2  
  26  2:31  Marine  
  27  2:41  Marine  
  27  2:43  Marine x2  
  30  2:48  Marine  
  31  3:00  Supply Depot  
  31  3:04  Marine x3  
  34  3:06  Marine  
  35  3:22  Marine  
  35  3:24  Marine x3  
  39  3:39  Marine  
  38  3:42  Marine  
  22  4:12  Marine x4  
  26  4:25  SCV  
  26  4:29  Marine  
  26  4:30  Marine x3  
  31  4:32  Refinery  
  31  4:37  Refinery, SCV  
  32  4:47  Marine x2  
  32  4:48  Marine x2  
  32  4:49  SCV  
  37  5:05  Marine x4  
  41  5:23  Marine x3  
  41  5:24  Command Center  
  26  6:11  Marine x3  
  26  6:12  Marine  
  30  6:29  Marine x4  
  30  6:31  Engineering Bay  
  34  6:47  Marine x4  
  38  7:05  Marine x3  
  21  7:56  Marine x4  
  23  8:04  SCV  
  24  8:14  Marine x4  
  24  8:16  SCV  
  24  8:17  Missile Turret  
  29  8:32  Marine x4  
  33  8:49  Marine  
  33  8:50  Marine x3  
  37  9:07  Marine x3  
  37  9:08  Marine  
  41  9:10  Factory  
  41  9:25  Marine x4  
  45  9:43  Marine x4  
  49  9:56  Starport  
  49  9:57  Starport  
  49  10:01  SCV, Marine x3  
  53  10:13  SCV  
  54  10:19  Marine x4  
  58  10:25  SCV  
  59  10:36  Marine  
  59  10:37  SCV  
  61  10:49  SCV  
  62  11:00  Supply Depot  
  62  11:01  Supply Depot  
  62  11:03  Supply Depot  
  62  11:05  Supply Depot  
  62  11:21  Medivac x2  
  66  11:51  Medivac x2  
  70  12:02  SCV  
  71  12:10  Refinery  
  71  12:12  Refinery  
  71  12:15  SCV  
  72  12:27  SCV  
  68  12:39  SCV  
  69  12:50  Barracks Tech Lab  
  69  12:51  Barracks Reactor, SCV  
  70  12:54  Marine x2  
  72  13:01  Medivac x2  
  76  13:12  Marine x2  
  78  13:29  Marine x2  
  78  13:31  Medivac x2  
  84  13:47  Marine x2  
  86  13:52  Stimpack  
  86  13:54  Marine x2  
  86  13:55  Marine  
  89  14:01  Medivac x2  
  93  14:05  Marine  
  94  14:13  Marine x4  
  91  14:23  Marine  
  92  14:30  Marine  
  93  14:31  Marine  
  93  14:32  Marine x2  
  86  14:41  Marine  
  85  14:48  Marine  
  85  14:49  Marine  
  85  14:50  Marine x2  
  79  14:58  Marine  
  80  15:07  Marine  
  80  15:08  Marine  
  53  15:43  Starport Reactor  
  53  15:47  Starport Reactor  
  53  15:49  Starport  
  53  15:52  Starport  
  53  15:53  Marine x5  
  58  16:11  Marine x5  
  63  16:24  Viking x4  
  71  16:28  Marine  
  71  16:29  Marine x4  
  76  16:37  Factory Tech Lab  
  76  16:46  Marine x3  
  78  16:47  Marine  
  78  16:48  Viking x2  
  78  16:54  Viking x3  
  89  17:00  Viking  
Show
View Real Time Build Order
Export as new Build Order

ZACATRACA Terran 

Build Orders: 2 Factory 

Get SALT Encoding   

  12  0:05  SCV  
  13  0:22  SCV  
  14  0:43  Command Center  
  14  0:49  Supply Depot  
  14  0:54  SCV  
  15  1:15  SCV  
  16  1:20  Barracks  
  16  1:27  Refinery, SCV  
  16  1:29  Refinery  
  18  1:40  SCV  
  18  1:52  SCV  
  19  1:56  SCV  
  20  2:04  SCV  
  20  2:08  SCV  
  22  2:14  Factory  
  22  2:21  Orbital Command  
  22  2:25  Refinery  
  22  2:27  Barracks Reactor  
  22  2:29  SCV  
  23  2:58  Orbital Command  
  23  3:03  Factory  
  23  3:12  Hellion x2  
  27  3:13  Barracks Tech Lab  
  27  3:18  SCV  
  28  3:23  SCV  
  29  3:30  SCV  
  30  3:36  SCV  
  30  3:41  Hellion x2  
  35  3:42  SCV  
  36  4:00  Factory  
  36  4:01  Factory, Infernal Pre-Igniter  
  36  4:05  Hellion  
  38  4:13  Armory  
  38  4:18  Supply Depot  
  38  4:21  Supply Depot  
  38  4:40  Hellion x3, Marine  
  38  4:45  Hellion x2  
  49  4:58  Marine  
  48  5:02  Hellion x2  
  48  5:04  Hellion  
  54  5:26  Hellion x2  
  52  5:29  Drilling Claws  
  52  5:30  Factory Reactor x2  
  52  6:01  Widow Mine  
  53  6:09  Widow Mine  
  53  6:13  Widow Mine  
  53  6:17  Widow Mine  
  53  6:30  Terran Vehicle And Ship Armor Level 1  
  53  6:31  Widow Mine x5  
  59  6:34  Widow Mine  
  59  6:36  Supply Depot x2  
  59  6:38  Widow Mine  
  54  6:52  Widow Mine x5  
  62  6:59  Supply Depot  
  62  7:00  Supply Depot  
  62  7:02  Widow Mine x2  
  66  7:13  Widow Mine x3  
  68  7:18  Widow Mine x2  
  70  7:24  Widow Mine x2  
  74  7:35  Widow Mine x3  
  80  7:39  Widow Mine  
  80  7:40  Widow Mine  
  84  7:45  Widow Mine x2  
  82  7:56  Widow Mine x3  
  82  8:00  Widow Mine  
  82  8:01  Widow Mine  
  82  8:06  Widow Mine  
  82  8:07  Widow Mine  
  86  8:17  Widow Mine x3  
  88  8:22  Widow Mine x2  
  80  8:28  Widow Mine x2  
  76  8:39  Widow Mine x3  
  72  8:43  Widow Mine  
  72  8:44  Widow Mine  
  72  8:49  Widow Mine  
  72  8:50  Widow Mine  
  74  9:00  Widow Mine x3  
  76  9:05  Widow Mine x2, Marine  
  81  9:11  Widow Mine  
  81  9:23  Marine  
  76  9:28  Widow Mine x4  
  76  9:29  Widow Mine  
  86  9:38  Widow Mine x2  
  90  9:41  Marine  
  91  9:49  Widow Mine x2  
  89  10:09  Widow Mine x5  
  89  10:11  Widow Mine  
  89  10:13  Marine  
  95  10:28  Widow Mine  
  95  10:30  Widow Mine x3  
  95  10:31  Marine  
  101  10:42  Widow Mine  
  101  10:43  Widow Mine x2  
  99  10:50  Widow Mine  
  99  10:51  Widow Mine  
  99  10:53  Widow Mine  
  99  10:55  Widow Mine  
  101  11:01  Refinery  
  101  11:10  Widow Mine  
  101  11:23  Supply Depot  
  101  11:24  Supply Depot  
  101  11:27  Supply Depot  
  101  11:31  Widow Mine  
  101  11:33  Widow Mine  
  101  11:37  Widow Mine  
  101  11:38  Widow Mine  
  102  11:45  Widow Mine x2, Hellion  
  104  11:53  Widow Mine  
  104  11:54  Hellion  
  104  11:58  Hellion  
  104  12:00  Widow Mine  
  106  12:06  Widow Mine x3  
  106  12:14  Widow Mine  
  106  12:15  Widow Mine  
  106  12:20  Widow Mine  
  106  12:21  Widow Mine  
  102  12:28  Widow Mine x3  
  100  12:35  Widow Mine  
  98  12:37  Widow Mine  
  98  12:41  Widow Mine  
  98  12:42  Widow Mine  
  96  12:49  Widow Mine x3  
  102  12:57  Widow Mine  
  106  12:58  Widow Mine  
  106  13:03  Widow Mine  
  106  13:04  Widow Mine  
  110  13:08  Command Center  
  110  13:09  Refinery x2  
  110  13:10  Widow Mine  
  110  13:11  Widow Mine x2  
  116  13:18  Widow Mine  
  120  13:20  Widow Mine  
  120  13:24  Widow Mine  
  120  13:25  Widow Mine  
  118  13:42  Widow Mine  
  118  13:43  Widow Mine x3  
  126  14:14  Widow Mine x7, Terran Vehicle And Ship Armor Level 2  
  116  14:35  Widow Mine x7  
  94  14:56  Widow Mine x4  
  94  14:57  Widow Mine x3  
  72  15:18  Widow Mine x7  
  56  15:32  SCV x2  
  58  15:39  Widow Mine x4  
  58  15:40  Widow Mine x3  
  72  16:04  Engineering Bay  
  58  16:30  Starport  
  58  16:31  Starport  
  57  16:33  Starport  
  57  16:34  Starport  
  2  17:30  Command Center  
  2  17:32  Command Center  
Show
View Real Time Build Order
Export as new Build Order

qqq Zerg - Winner!

Build Orders: Hatch First 

Get SALT Encoding   

  12  0:02  Drone  
  13  0:08  Drone  
  14  0:20  Overlord  
  14  0:43  Hatchery  
  14  0:47  Drone  
  14  1:01  Drone x3  
  17  1:28  Extractor, Spawning Pool  
  15  1:50  Drone x3  
  18  2:01  Drone  
  18  2:05  Drone  
  20  2:17  Queen  
  22  2:24  Queen  
  24  2:31  Metabolic Boost  
  24  2:36  Hatchery  
  23  2:38  Overlord  
  23  2:42  Drone  
  24  2:45  Drone  
  24  2:48  Zergling x2  
  26  2:52  Zergling x2  
  26  2:56  Zergling x2  
  28  3:03  Drone  
  28  3:04  Zergling x2  
  30  3:07  Zergling x2  
  30  3:10  Zergling x2  
  32  3:15  Zergling x2  
  32  3:16  Zergling x2  
  34  3:25  Extractor  
  34  3:26  Zergling x2  
  34  3:30  Zergling x4  
  34  3:31  Overlord  
  36  3:37  Overlord  
  36  3:48  Overlord x2  
  34  3:58  Zergling x2  
  34  3:59  Zergling x4  
  34  4:00  Drone  
  37  4:04  Drone  
  37  4:09  Drone  
  39  4:10  Zergling x2  
  39  4:11  Zergling x2  
  39  4:15  Zergling x2  
  42  4:18  Zergling x2  
  43  4:25  Drone, Zergling x4  
  47  4:38  Zergling x2, Overlord  
  47  4:39  Overlord  
  42  4:48  Zergling x8  
  44  4:57  Zergling x2  
  44  4:58  Zergling x6  
  41  5:07  Zergling x2  
  41  5:08  Zergling x2, Overlord  
  39  5:17  Zergling x2  
  39  5:19  Lair  
  39  5:20  Drone  
  41  5:28  Zergling x4  
  42  5:29  Zergling x2  
  44  5:36  Zergling x6  
  44  5:37  Zergling x2  
  42  5:50  Zergling x4  
  42  5:51  Zergling x8  
  43  6:02  Zergling x2  
  43  6:03  Drone, Zergling x2  
  40  6:07  Zergling x2  
  37  6:14  Zergling x4  
  37  6:19  Zergling x2  
  37  6:20  Zergling x2  
  39  6:32  Queen  
  40  6:43  Drone x3  
  40  6:44  Zergling x2  
  44  6:52  Evolution Chamber  
  44  6:53  Hatchery  
  42  6:55  Drone  
  42  6:56  Evolution Chamber  
  35  7:06  Zergling x4  
  35  7:07  Zergling x2  
  37  7:08  Drone x2  
  38  7:20  Overlord  
  38  7:21  Zergling x4  
  38  7:22  Drone  
  40  7:32  Zergling x2  
  40  7:33  Drone, Zergling x2  
  40  7:36  Overseer  
  42  7:38  Zerg Melee Weapons Level 1  
  42  7:45  Drone  
  42  7:47  Zerg Ground Armor Level 1  
  43  7:54  Zergling x6  
  46  8:04  Zergling x2  
  40  8:07  Zergling x4  
  40  8:11  Zergling x2  
  43  8:31  Zergling x2  
  43  8:33  Drone x2, Zergling x4  
  43  8:34  Zergling x2  
  46  8:39  Drone  
  47  8:44  Extractor, Drone x5  
  47  8:48  Extractor, Spire  
  49  8:51  Extractor  
  44  8:56  Drone  
  44  8:57  Drone  
  44  8:58  Drone, Zergling x2  
  44  9:01  Overseer x2  
  48  9:12  Drone x2  
  48  9:13  Drone  
  51  9:23  Infestation Pit  
  46  9:34  Zergling x12  
  46  9:35  Drone x3  
  46  9:36  Zergling x4  
  57  9:44  Overseer x2  
  56  9:48  Spine Crawler  
  44  10:10  Zergling x2  
  44  10:11  Zergling x8  
  48  10:15  Drone x2  
  48  10:16  Drone  
  51  10:29  Hive  
  51  10:37  Drone x2  
  53  11:00  Infestor x5  
  63  11:28  Nydus Network  
  62  11:56  Overseer  
  62  11:59  Greater Spire  
  62  12:36  Corruptor x2  
  62  12:37  Corruptor x5  
  62  12:38  Overlord x4  
  62  12:39  Overlord x4  
  76  12:46  Nydus Canal  
  76  12:55  Spire  
  76  12:56  Overlord x4  
  76  12:57  Overlord  
  75  13:07  Hatchery  
  74  13:15  Hatchery  
  73  13:20  Brood Lord  
  73  13:22  Hatchery  
  75  13:37  Brood Lord x2  
  75  13:38  Brood Lord  
  81  13:43  Brood Lord  
  83  14:11  Brood Lord x2  
  83  14:14  Overseer  
  87  14:18  Corruptor  
  87  14:20  Drone  
  89  14:38  Drone x2  
  87  15:01  Drone  
  87  15:02  Drone x3  
  87  15:04  Zerg Flyer Weapons Level 1  
  87  15:07  Zerg Flyer Armor Level 1  
  89  15:37  Corruptor x3  
  89  15:38  Overlord x3  
  89  15:39  Drone x4  
  99  15:47  Drone x2  
  101  15:50  Extractor x2  
  101  15:53  Drone  
  101  15:54  Drone  
  101  16:00  Hatchery  
  99  16:17  Infestor x2  
  103  16:18  Corruptor  
  103  16:19  Corruptor x3  
  111  17:27  Brood Lord x3  
  111  17:28  Brood Lord  
  111  17:29  Drone x6  
  125  17:32  Drone x2  
  128  17:37  Drone  
  128  17:43  Spore Crawler  
  127  17:45  Spine Crawler  
  138  18:06  Extractor  
  138  18:07  Extractor  
Show
View Real Time Build Order
Export as new Build Order

Massa Terran - Winner!

Build Orders:  

Get SALT Encoding   

  12  0:00  SCV  
  13  0:12  SCV  
  14  0:19  Supply Depot  
  14  0:24  SCV  
  15  0:41  SCV  
  16  0:42  Barracks  
  16  0:47  Refinery  
  16  0:53  SCV  
  17  1:05  SCV  
  18  1:17  SCV  
  19  1:29  Orbital Command  
  19  1:40  Barracks Reactor, Barracks  
  19  1:41  Barracks  
  19  1:47  Supply Depot  
  19  1:55  SCV  
  20  2:07  SCV  
  21  2:22  Marine  
  22  2:23  Marine  
  22  2:25  Command Center  
  23  2:30  Barracks Tech Lab, Marine  
  24  2:40  Marine  
  24  2:41  Marine  
  26  2:48  Marine  
  26  2:49  Marauder  
  29  2:51  Stimpack  
  29  2:57  Marine  
  30  2:59  Marine  
  31  3:12  Supply Depot  
  31  3:15  Supply Depot  
  31  3:34  Marine x4  
  34  3:52  Marauder, Marine x3  
  34  4:10  Marine x3  
  34  4:13  Marauder  
  34  4:17  Orbital Command  
  39  4:18  SCV  
  40  4:27  Supply Depot  
  40  4:28  Marine x3  
  40  4:30  SCV, Factory  
  44  4:35  Marauder  
  46  4:42  SCV  
  47  4:54  SCV  
  47  5:06  Marauder, Marine x3  
  42  5:23  Marine  
  42  5:24  SCV x2, Marine x2  
  42  5:27  Marauder  
  42  5:28  Factory Tech Lab  
  49  5:29  Combat Shield  
  43  5:36  SCV x2  
  43  5:41  Marine x2  
  43  5:42  Marine  
  44  5:49  Marauder  
  43  5:54  Siege Tank  
  46  5:59  Marine x2  
  48  6:10  Marauder  
  43  6:15  Marine  
  43  6:17  Marine  
  45  6:19  Refinery  
  45  6:25  Marine  
  41  6:31  Marauder  
  43  6:33  Marine  
  42  6:44  Marine  
  42  6:45  Marine  
  44  6:48  SCV  
  44  6:49  SCV  
  44  6:50  Marine  
  44  6:53  Refinery, Marauder  
  49  6:54  Refinery  
  49  6:57  Armory  
  49  7:01  SCV x2  
  51  7:02  Marine  
  51  7:03  Marine  
  53  7:08  Marine  
  53  7:13  SCV x2, Engineering Bay  
  53  7:14  Marauder  
  58  7:20  Marine x2  
  58  7:21  Siege Tank  
  63  7:26  Marine  
  64  7:35  Concussive Shells  
  64  7:36  Marauder  
  66  7:38  Marine x2  
  57  7:57  Marauder  
  48  8:19  Siege Tank  
  51  8:20  Marauder, Marine x3  
  56  8:38  Marine x3  
  59  8:42  Marauder  
  58  8:53  SCV x2  
  58  9:03  Marauder  
  58  9:05  SCV x2  
  62  9:13  Command Center  
  62  9:15  Barracks  
  62  9:16  Barracks  
  53  9:17  SCV x2, Barracks  
  55  9:27  Starport  
  49  9:36  Marauder, Marine x3  
  51  9:46  Siege Tank  
  54  9:53  Marine  
  54  9:54  Marine x2  
  54  9:57  Marauder  
  59  10:01  Terran Infantry Weapons Level 1  
  59  10:02  Terran Vehicle Weapons Level 1  
  59  10:11  Marine  
  59  10:13  Marine x2  
  59  10:14  Marine  
  53  10:18  Marauder, Siege Tank  
  53  10:20  Marine x2  
  55  10:29  Marine  
  55  10:31  Marine x3  
  59  10:40  Marauder  
  55  10:44  Marine x2  
  55  10:47  Marine  
  55  10:49  Marine x2  
  58  10:50  Siege Tank  
  61  11:01  Marauder, Marine  
  61  11:02  Marine x2  
  66  11:04  SCV x2  
  66  11:05  Marine  
  66  11:07  Starport Tech Lab, Marine  
  66  11:09  Marine  
  71  11:12  Supply Depot  
  71  11:13  Supply Depot  
  71  11:15  Orbital Command, Supply Depot  
  71  11:16  SCV x2, Supply Depot  
  73  11:19  Marine  
  73  11:20  Marine x2  
  73  11:22  Siege Tank  
  73  11:23  Marauder, Marine  
  82  11:27  Sensor Tower  
  82  11:28  SCV  
  82  11:29  SCV, Barracks Tech Lab  
  84  11:36  Supply Depot  
  84  11:38  Supply Depot  
  84  11:40  SCV, Missile Turret  
  84  11:41  SCV  
  84  11:42  Engineering Bay  
  84  11:44  Marauder  
  84  11:46  Raven  
  90  11:49  Marauder, Marine  
  90  11:50  Marine x4  
  90  11:51  Missile Turret  
  90  11:53  SCV x3  
  100  12:05  SCV x3, Marauder  
  100  12:07  Marine x2  
  107  12:11  Marauder  
  109  12:27  Marauder  
  109  12:28  Siege Tank  
  109  12:29  Medivac  
  116  12:44  SCV x2  
  116  12:46  Refinery  
  116  12:48  Refinery  
  118  12:57  Command Center  
  118  12:58  Marauder x2  
  122  12:59  Barracks Reactor  
  122  13:00  Barracks Tech Lab, Marine x2  
  122  13:01  Marine  
  125  13:09  Command Center  
  125  13:10  SCV  
  125  13:11  SCV x2  
  128  13:18  Marine x3  
  128  13:19  Marauder  
  133  13:21  Starport  
  133  13:27  Terran Infantry Armor Level 1  
  133  13:28  Terran Infantry Weapons Level 2  
  133  13:32  Supply Depot x2  
  133  13:53  SCV x2, Marine x2, Medivac  
  139  13:56  Supply Depot  
  139  13:57  Supply Depot  
  139  14:20  Supply Depot  
  139  14:21  Supply Depot  
  139  14:23  Medivac  
  126  14:45  Supply Depot x2  
  97  14:53  Marauder  
  97  14:54  Marauder x2, Marine x5  
  97  14:57  Siege Tank  
  111  15:04  Raven  
  113  15:12  Marine x5  
  116  15:15  Marauder x3  
  113  15:27  Planetary Fortress  
  113  15:29  Siege Tank  
  113  15:30  SCV x3  
  113  15:31  Planetary Fortress  
  119  15:42  SCV x3  
  122  15:44  Starport Reactor  
  122  15:47  Raven  
  124  15:52  Command Center  
  124  15:54  SCV x3  
  127  16:01  Siege Tank  
  130  16:06  SCV x3  
  133  16:30  Medivac  
  134  17:01  Siege Tank  
  134  17:02  Marauder x3, Marine  
  134  17:03  Medivac x3  
  147  17:24  Marauder  
  149  17:33  Medivac, Siege Tank  
Show
View Real Time Build Order
Export as new Build Order

Greylin Protoss - Winner!

Build Orders: Carriers 

Get SALT Encoding   

  12  0:01  Probe (Chrono Boost)  
  13  0:10  Probe (Chrono Boost)  
  14  0:15  Probe (Chrono Boost)  
  15  0:27  Pylon  
  15  0:35  Assimilator  
  15  0:46  Gateway  
  15  1:00  Pylon  
  15  1:05  Probe (Chrono Boost)  
  16  1:15  Probe (Chrono Boost)  
  17  1:20  Probe (Chrono Boost)  
  18  1:30  Forge  
  18  1:31  Probe  
  19  1:36  Cybernetics Core  
  19  1:43  Probe, Pylon  
  20  1:49  Assimilator  
  20  1:55  Probe  
  21  2:08  Probe  
  22  2:09  Photon Cannon  
  22  2:17  Stargate  
  22  2:31  Photon Cannon  
  22  2:44  Stargate  
  22  2:47  Pylon  
  22  2:53  Stalker  
  24  3:05  Probe  
  25  3:24  Nexus  
  25  3:28  Assimilator  
  25  3:31  Assimilator  
  25  3:36  Void Ray  
  29  3:52  Void Ray (Chrono Boost)  
  29  3:59  Probe  
  34  4:18  Void Ray (Chrono Boost)  
  34  4:21  Probe  
  39  4:36  Probe (Chrono Boost)  
  40  4:42  Pylon x2  
  40  4:48  Probe (Chrono Boost)  
  40  4:50  Probe (Chrono Boost)  
  42  4:57  Probe (Chrono Boost)  
  42  4:58  Probe (Chrono Boost)  
  44  5:03  Probe x2 (Chrono Boost)  
  46  5:07  Photon Cannon  
  46  5:09  Photon Cannon  
  47  5:14  Probe (Chrono Boost)  
  47  5:23  Probe (Chrono Boost)  
  47  5:25  Probe (Chrono Boost)  
  49  5:34  Probe  
  50  5:38  Void Ray (Chrono Boost)  
  50  5:39  Void Ray (Chrono Boost)  
  50  5:46  Probe  
  55  5:58  Probe  
  56  6:12  Void Ray x2 (Chrono Boost)  
  62  6:55  Stargate x2  
  62  6:58  Fleet Beacon  
  62  7:03  Stargate  
  58  7:30  Nexus  
  58  7:40  Pylon x2  
  58  7:42  Pylon  
  58  7:46  Assimilator  
  58  7:49  Assimilator  
  58  7:51  Carrier x2  
  70  8:07  Photon Cannon  
  70  8:08  Photon Cannon  
  70  8:09  Tempest  
  70  8:10  Photon Cannon  
  75  8:43  Carrier x2  
  75  8:45  Probe  
  88  8:53  Probe  
  89  8:56  Probe  
  89  8:57  Probe  
  91  9:06  Probe  
  91  9:09  Probe  
  94  9:10  Probe  
  94  9:18  Probe (Chrono Boost)  
  94  9:22  Probe (Chrono Boost), Protoss Air Weapons Level 1 (Chrono Boost)  
  96  9:30  Tempest  
  101  9:34  Probe (Chrono Boost)  
  101  9:35  Flux Vanes  
  102  9:39  Probe (Chrono Boost)  
  103  9:48  Probe  
  104  10:00  Probe  
  102  10:19  Probe (Chrono Boost)  
  95  10:29  Probe (Chrono Boost)  
  95  10:34  Probe (Chrono Boost)  
  96  10:45  Probe  
  97  10:57  Probe  
  98  11:15  Photon Cannon  
  91  11:21  Photon Cannon  
  91  11:24  Protoss Air Armor Level 1 (Chrono Boost)  
  89  11:33  Probe  
  90  11:42  Carrier x3  
  90  11:46  Probe  
  104  11:58  Probe  
  104  12:10  Probe (Chrono Boost)  
  105  12:22  Probe (Chrono Boost)  
  106  12:28  Carrier  
  106  12:29  Stalker  
  108  12:31  Probe (Chrono Boost)  
  108  12:34  Carrier  
  108  12:36  Probe  
  93  12:46  Carrier x2  
  93  12:48  Probe (Chrono Boost)  
  107  12:59  Probe (Chrono Boost), Stalker  
  109  13:25  Pylon  
  109  13:26  Protoss Air Weapons Level 2  
  109  13:27  Pylon  
  109  13:33  Nexus  
  109  13:42  Probe  
  109  13:43  Stalker  
  109  13:44  Carrier  
  109  13:45  Carrier  
  123  13:50  Robotics Facility  
  123  13:54  Probe (Chrono Boost)  
  124  13:58  Pylon  
  124  13:59  Pylon  
  124  14:06  Probe (Chrono Boost), Photon Cannon  
  125  14:14  Probe (Chrono Boost)  
  125  14:15  Stalker  
  118  14:24  Probe  
  115  14:36  Probe  
  106  14:40  Carrier x2  
  106  14:45  Stalker  
  114  15:37  Probe (Chrono Boost)  
  115  15:47  Probe (Chrono Boost)  
  116  15:52  Probe (Chrono Boost)  
  117  16:48  Nexus  
  117  16:58  Pylon  
  117  17:00  Pylon  
  117  17:01  Pylon  
  117  17:02  Pylon  
  117  17:05  Assimilator  
  117  17:10  Assimilator  
  117  17:34  Photon Cannon  
  117  17:35  Photon Cannon  
  117  17:37  Photon Cannon  
  117  17:38  Photon Cannon  
  117  17:41  Photon Cannon  
  117  17:42  Photon Cannon  
  117  17:44  Photon Cannon  
Tags
 
Add a new tag
Caveats
  • Supply blocks, unpowered buildings, or Contaminate may cause inaccurate times.
  • Supply counts are checked every 10 seconds.